 Dungeon Crawl Stone Soup version 0.20.1-1-g8b1a95d (webtiles) character file.

103770 Jazqa the Warrior (level 15, -40/211 HPs)
             Began as a Demonspawn Berserker on Oct 23, 2017.
             Was a High Priest of Trog.
             Annihilated by an enormous slime creature (65 damage)
             ... on level 15 of the Dungeon on Oct 24, 2017.
             The game lasted 01:07:35 (27536 turns).

Jazqa the Warrior (Demonspawn Berserker)           Turns: 27536, Time: 01:07:36

Health: -40/211    AC: 18    Str: 39    XL:     15   Next: 90%
Magic:  5/5        EV: 19    Int: 12    God:    Trog [*****.]
Gold:   1545       SH:  0    Dex: 15    Spells: 14/14 levels left

rFire    . . .     SeeInvis .   Y - +3 battleaxe (antimagic)
rCold    . . .     Gourm    +   (shield currently unavailable)
rNeg     . . .     Faith    .   W - +3 ring mail of Somewhere Else {MR+ Int+3 Dex-3}
rPois    .         Spirit   .   (helmet restricted)
rElec    .         Reflect  .   A - +0 cloak
rCorr    .         Harm     .   G - +0 pair of gloves of the Orcish Mines {Str+6}
MR       ++...                  y - +0 pair of boots
Stlth    ..........             H - amulet of the gourmand
Regen    0.5/turn               D - +5 ring of strength
MPRegen  0.1/turn               S - +5 ring of strength

@: mighty, berserking, very quick
A: claws 2, horns 1, molten scales 2, demonic guardian 2, powered by pain 1,
robust 1
a: Berserk, Trog's Hand, Brothers in Arms, Burn Spellbooks, Renounce Religion


You were on level 15 of the Dungeon.
You worshipped Trog.
Trog was extremely pleased with you.
You were very full.

You visited 3 branches of the dungeon, and saw 23 of its levels.
You also visited: Labyrinth and Sewer.

You collected 2070 gold pieces.
You spent 525 gold pieces at shops.


Innate Abilities, Weirdness & Mutations

You have very sharp fingernails.
You are mostly covered in molten scales. (AC +3)
A demonic guardian rushes to your aid.
You sometimes gain a little power by taking damage.
You have a pair of small horns on your head.
You are robust. (+10% HP)


   Skills:
 + Level 15.5 Fighting
 + Level 14.1 Axes
 + Level 12.9 Armour
 + Level 11.0 Dodging


You had 14 spell levels left.
You didn't know any spells.

Inventory:

Hand Weapons
 a - a +3 broad axe of venom
 v - a +2 broad axe of flaming
 Y - a +3 antimagic battleaxe (weapon)
Armour
 y - a +0 pair of boots (worn)
 A - a +0 cloak (worn)
 B - a +2 chain mail of poison resistance
 F - a +2 ring mail of fire resistance
 G - the +0 pair of gloves of the Orcish Mines (worn) {Str+6}
   (You acquired it on level 13 of the Dungeon)

   It affects your strength (+6).
 W - the +3 ring mail of Somewhere Else (worn) {MR+ Int+3 Dex-3}
   (You found it in a labyrinth)

   It affects your intelligence (+3).
   It affects your dexterity (-3).
   It affects your resistance to hostile enchantments.
Jewellery
 C - an uncursed ring of ice
 D - a +5 ring of strength (left hand)
 H - an amulet of the gourmand (around neck)
 L - an uncursed ring of flight
 M - an uncursed ring of protection from magic
 S - a +5 ring of strength (right hand)
Wands
 t - a wand of acid (6/15)
 z - a wand of digging (15/24)
 I - a wand of digging (6/24)
 Q - a wand of enslavement (22/24)
 Z - a wand of lightning (11/15)
Scrolls
 g - 11 scrolls of teleportation {@r4}
 h - 2 scrolls of identify {@r1}
 i - 6 scrolls of magic mapping
 l - 3 scrolls of fear
 o - 4 scrolls of enchant weapon
 q - 5 scrolls of recharging
 s - a scroll of blinking {unknown}
 E - 2 scrolls of holy word {!r}
 K - a scroll of fog
 N - 5 scrolls of remove curse {@r2}
 T - 2 scrolls of enchant armour
Potions
 b - 5 potions of heal wounds {@q2}
 e - 4 potions of might
 f - 9 potions of agility
 j - 6 potions of haste {@q3}
 k - 3 potions of lignification {!q}
 n - 3 potions of ambrosia
 u - 3 potions of flight
 w - 10 potions of curing {@q1}
 J - 2 potions of invisibility
Books
 O - Doudytome's Guide on Burning Air
   (You found it on level 10 of the Dungeon)

   Spells                             Type                      Level
   a - Flame Tongue                   Conjuration/Fire             1
   b - Shock                          Conjuration/Air              1
   c - Summon Lightning Spire         Summoning/Air                4
   d - Bolt of Fire                   Conjuration/Fire             6
   e - Ignition                       Fire                         8
   Trog disapproves of the use of such an item.
Miscellaneous
 p - a phantom mirror
 R - a phial of floods
Comestibles
 c - 17 bread rations {@e1}
 d - 19 fruits {@e2}
 m - 13 royal jellies {@e3}
 r - 6 meat rations {@e1}
 x - 2 chunks of flesh

Dungeon Overview and Level Annotations

Branches:
Dungeon (15/15)            Temple (0/1) D:6            Lair (6/6) D:11
 Shoals (0/4) Lair:2        Snake (0/4) Lair:3        Slime (0/5) Lair:5
    Orc (2/2) D:11            Elf (0/3) Orc:2        Vaults (0/5) D:13
 Depths: D:15

Altars:
Ashenzari
Elyvilon
Gozag
Hepliaklqana
Makhleb
Okawaru
Qazlal
Ru
Trog
Vehumet
Xom
Yredelemnul
Zin
The Shining One
Beogh

Shops:
D:5 (   D:6 [   D:7 [   Orc:2 }!=

Annotations:
Lair:4 exclusion: oklob plant

▒.▒ ▒.▒ ▒.▒
▒.▒▒▒.▒▒▒▒▒.▒
▒......(....▒▒
▒...()...)...▒
▒......▒▒▒▒▒.▒
▒(▒▒▒..▒ ▒.▒
▒▒.▒▒▒..▒ ▒.▒
▒▒▒▒▒▒▒▒▒...▒▒..▒▒
▒.▒
.....JJ@..▒......▒
▒.▒
▒▒▒▒▒▒▒▒▒...▒▒▒▒.▒
▒.▒ ▒▒.▒▒ ▒.▒ ▒.▒
▒.▒ ▒.▒ ▒.▒
▒.▒▒▒▒▒.▒▒▒▒.▒▒
▒..............
▒.▒▒▒.▒....▒.▒▒
▒.▒......▒...▒
▒▒▒▒
....▒.▒.▒▒▒..▒


You could see an enormous slime creature and a slime creature.


Message History

The enormous slime creature is severely wounded.
The enormous slime creature hits you.
You hit the enormous slime creature.
You headbutt the enormous slime creature, but do no damage.
The enormous slime creature is severely wounded.
The enormous slime creature hits you!!
* * * LOW HITPOINT WARNING * * *
You focus on the pain.
You feel very mighty all of a sudden.
You slice the enormous slime creature!!
You headbutt the enormous slime creature!
The enormous slime creature is almost dead.
The enormous slime creature barely misses you.
Unknown command.
You slice the enormous slime creature!!
Your headbutt misses the enormous slime creature.
The enormous slime creature is almost dead.
Unknown command.
You slice the enormous slime creature!!
You headbutt the enormous slime creature.
The enormous slime creature is almost dead.
The enormous slime creature hits you!!!
* * * LOW HITPOINT WARNING * * *
You hear an angry buzzing noise.
Unknown command.
Use which ability? (? or * to list)
A red film seems to cover your vision as you go berserk!
You feel yourself moving faster!
You feel mighty! The enormous slime creature hits you!!!
You die...

Skill      XL: |  1  2  3  4  5  6  7  8  9 10 11 12 13 14 15 |
---------------+----------------------------------------------+-----
Dodging        | 2 3 5 6 7 8 9 11 | 11.0
Armour         | 2 3 5 6 8 9 10 11 12 | 12.9
Axes           | 3 5 7 8 9 10 11 12 13 14 | 14.1
Fighting       | 4 5 7 8 9 10 11 12 13 14 15 | 15.5

Action                   |  1- 3 |  4- 6 |  7- 9 | 10-12 | 13-15 || total
-------------------------+-------+-------+-------+-------+-------++-------
Melee: Hand axe          |   135 |    95 |       |       |       ||   230
       War axe           |       |   164 |   194 |   240 |   776 ||  1374
       Headbutt          |       |       |       |    67 |   385 ||   452
       Battleaxe         |       |       |       |   106 |   377 ||   483
Invok: Berserk           |     2 |     5 |     4 |     9 |    14 ||    34
       Brothers in Arms  |       |       |       |     1 |     6 ||     7
       Burn Spellbooks   |       |       |       |       |     3 ||     3
       Trog's Hand       |       |       |       |       |     4 ||     4
  Use: Scroll            |       |    11 |     4 |     7 |    16 ||    38
       Potion            |       |     7 |     1 |     2 |     4 ||    14
 Stab: Sleeping          |     1 |       |       |       |     1 ||     2
       Distracted        |       |     1 |     1 |     2 |     5 ||     9
       Petrified         |       |       |       |       |     5 ||     5
  Eat: Chunk             |     5 |    12 |    13 |    24 |    65 ||   119
       Meat ration       |       |       |     1 |       |     3 ||     4
       Royal jelly       |       |       |     1 |       |       ||     1
       Fruit             |       |       |       |       |     2 ||     2
Armor: Animal skin       |    26 |     4 |       |       |       ||    30
       Chain mail        |       |   183 |   105 |    84 |    36 ||   408
       Ring mail         |       |       |       |    95 |   382 ||   477
Dodge: Dodged            |    94 |   124 |    59 |   349 |   843 ||  1469
Block: Shield            |       |       |    64 |       |       ||    64

Vault maps used:
D:1:      mainiacjoe_arrival_reflecting_pool
D:3:      okawaru_gym_becter, first_bread, lightli_sewer_entry_pipes
D:4:      marbit_many_paths, uniq_edmund, uniq_pikel
D:5:      grunt_qazlal_sundering, minmay_overflow_temple_star_quad,
          nicolae_ru_path_of_blood, serial_shops, nicolae_shop_stone,
          makhleb_altar_promises_db, uniq_ijyb
D:6:      tso_metal_star, temple_statues, serial_shops, shop
D:7:      kennysheep_mini_moat, serial_shops, shop, serial_bayou_lagoon_a
D:8:      wad_floor_pattern_2
D:9:      kennysheep_ying_yang, ashenzari_conservatory_becter, the_bakery,
          roderic_batcave, uniq_erolcha
D:10:     serial_park_tiny_pond, uniq_snorg
D:11:     due_lair_maze_entry_diamond, orc_0_dummy, basic_altar, minivault_7
D:13:     erik_vaults_1
D:14:     minmay_misc_feat_rows, uniq_kirke
D:15:     grunt_enter_depths_magical_seal, uniq_azrael
Lair:1:   minmay_holes, uniq_fannar
Lair:2:   minmay_shoals_entry_lonely_mermaid, lab_entry_generic,
          serial_bayou_shore_b
Lair:3:   minmay_snake_entry_six_corridors
Lair:4:   st_stairs_7, lemuel_oklob_altar
Lair:5:   slime_dummy
Lair:6:   wormcave, hangedman_lair_in_review, lemuel_fruit_tree
Orc:2:    st_orc_town, basic_altar, uniq_donald
Lab:      nicolae_lab_dead_end, nicolae_lab_statue, nicolae_lab_flowing_pool,
          labyrinth_skeletal_remains, nicolae_lab_grate_2, nicolae_lab_x,
          nicolae_lab_t_cross, lab_fountain, nicolae_lab_blocks
Sewer:    sewer_minmay_treatment

Notes
Turn   | Place    | Note
-------+----------+-------------------------------------------
     0 | D:1      | Jazqa the Demonspawn Berserker began the quest for the Orb.
     0 | D:1      | Reached XP level 1. HP: 18/18 MP: 1/1
    42 | D:1      | Reached skill level 2 in Dodging
    43 | D:1      | Reached skill level 2 in Armour
    47 | D:1      | Gained mutation: You have sharp fingernails. [demonic ancestry]
    47 | D:1      | Reached XP level 2. HP: 24/24 MP: 2/2
   113 | D:1      | Reached skill level 3 in Axes
   210 | D:1      | Reached ** piety under Trog
   308 | D:1      | Gained mutation: You sometimes gain a little power by taking damage. [demonic ancestry]
   308 | D:1      | Reached XP level 3. HP: 11/29 MP: 3/3
  1197 | D:2      | Reached skill level 4 in Fighting
  1523 | D:2      | HP: 1/30 [worm (10)]
  1833 | D:2      | Reached XP level 4. HP: 32/38 MP: 4/4
  2661 | D:3      | Reached skill level 5 in Fighting
  2799 | D:3      | Reached *** piety under Trog
  3031 | D:3      | Gained mutation: You are partially covered in molten scales. (AC +2) [demonic ancestry]
  3031 | D:3      | Reached XP level 5. HP: 44/44 MP: 5/5
  3093 | D:3      | Found a glowing drain.
  3167 | Sewer    | Entered a sewer
  3250 | Sewer    | Reached **** piety under Trog
  3556 | Sewer    | Gained mutation: A weak demonic guardian rushes to your aid. [demonic ancestry]
  3556 | Sewer    | Reached XP level 6. HP: 52/52 MP: 6/6
  3703 | Sewer    | Reached skill level 6 in Fighting
  3703 | Sewer    | Reached skill level 4 in Axes
  4081 | D:3      | Found an iron altar of Okawaru.
  4207 | D:3      | Identified a potion of resistance
  4211 | D:3      | Gained mutation: You possess an exceptional clarity of mind. [potion of mutation]
  4211 | D:3      | Gained mutation: You are clumsy. (Dex -2) [potion of mutation]
  4211 | D:3      | Gained mutation: You are somewhat resistant to further mutation. [potion of mutation]
  4300 | D:4      | Found a bloodstained altar of Trog.
  4324 | D:4      | Noticed a slave
  4325 | D:4      | Noticed a slave
  4327 | D:4      | Noticed Pikel
  4327 | D:4      | Noticed a slave
  4328 | D:4      | Noticed a slave
  4336 | D:4      | Killed a slave
  4354 | D:4      | Killed a slave
  4357 | D:4      | Killed Pikel
  4357 | D:4      | Reached skill level 7 in Fighting
  4357 | D:4      | Reached skill level 5 in Axes
  4357 | D:4      | Gained mutation: You have very sharp fingernails. [demonic ancestry]
  4357 | D:4      | Reached XP level 7. HP: 17/60 MP: 7/7
  4816 | D:4      | Noticed Edmund
  4821 | D:4      | Killed Edmund
  4821 | D:4      | Gained mutation: You are mostly covered in molten scales. (AC +3) [demonic ancestry]
  4821 | D:4      | Reached XP level 8. HP: 68/68 MP: 8/8
  4930 | D:4      | Reached ***** piety under Trog
  5447 | D:5      | Entered Level 5 of the Dungeon
  5461 | D:5      | Reached skill level 6 in Axes
  5474 | D:5      | Reached skill level 8 in Fighting
  5503 | D:5      | Noticed Ijyb
  5516 | D:5      | Killed Ijyb
  5554 | D:5      | Found a burning altar of Makhleb.
  5556 | D:5      | Noticed an Executioner
  5744 | D:5      | Found a stormy altar of Qazlal.
  5927 | D:5      | Found Saxt's Weapon Shop.
  5946 | D:5      | Found an opulent altar of Gozag.
  5950 | D:5      | Found a shimmering altar of Xom.
  5954 | D:5      | Found a glowing silver altar of Zin.
  6159 | D:5      | Found a sacrificial altar of Ru.
  6501 | D:6      | Found a glowing golden altar of the Shining One.
  6785 | D:6      | Found a staircase to the Ecumenical Temple.
  6872 | D:6      | Reached skill level 3 in Armour
  6872 | D:6      | Reached skill level 3 in Dodging
  6998 | D:6      | Found Poemnam's Antique Armour Shoppe.
  7102 | D:7      | Reached skill level 7 in Axes
  7118 | D:7      | Reached XP level 9. HP: 64/74 MP: 9/9
  7158 | D:7      | Found Veidif's Antique Armour Shop.
  7194 | D:7      | Found a hazy altar of Hepliaklqana.
  7465 | D:7      | You fall through a shaft for 2 floors!
  7490 | D:9      | Reached skill level 4 in Dodging
  7503 | D:9      | Received a gift from Trog
  7534 | D:8      | Noticed a two-headed ogre
  7543 | D:8      | Killed a two-headed ogre
  7543 | D:8      | Reached skill level 9 in Fighting
  7543 | D:8      | Reached skill level 4 in Armour
  8103 | D:8      | Reached skill level 5 in Armour
  8136 | D:8      | Reached skill level 5 in Dodging
  8237 | D:8      | Lost mutation: You possess an exceptional clarity of mind. [potion of mutation]
  8237 | D:8      | Lost mutation: You are clumsy. (Dex -2) [potion of mutation]
  8237 | D:8      | Lost mutation: You are somewhat resistant to further mutation. [potion of mutation]
  8237 | D:8      | Gained mutation: You are robust. (+10% HP) [potion of mutation]
  8237 | D:8      | Gained mutation: You are very robust. (+20% HP) [potion of mutation]
  8237 | D:8      | Lost mutation: You are very robust. (+20% HP) [potion of mutation]
  8237 | D:8      | Gained mutation: You have a pair of small horns on your head. [potion of mutation]
  8294 | D:8      | Reached skill level 8 in Axes
  8356 | D:8      | Reached XP level 10. HP: 91/91 MP: 10/10
  8515 | D:9      | Noticed a two-headed ogre
  8521 | D:9      | Killed a two-headed ogre
  8583 | D:9      | Noticed Erolcha
  8586 | D:9      | Killed Erolcha
  8586 | D:9      | Reached skill level 10 in Fighting
  8789 | D:9      | Found a basalt altar of Yredelemnul.
  8814 | D:9      | Reached skill level 6 in Armour
  8855 | D:9      | Reached skill level 6 in Dodging
  8918 | D:9      | Noticed a two-headed ogre
  8919 | D:9      | Found a shattered altar of Ashenzari.
  8925 | D:9      | Killed a two-headed ogre
  8925 | D:9      | Reached skill level 9 in Axes
  9129 | D:9      | Found a white marble altar of Elyvilon.
  9672 | D:10     | Entered Level 10 of the Dungeon
  9701 | D:10     | Reached XP level 11. HP: 100/100 MP: 11/11
  9983 | D:10     | Noticed Snorg
  9992 | D:10     | Killed Snorg
  9992 | D:10     | Reached skill level 7 in Armour
 10464 | D:10     | Identified Doudytome's Guide on Burning Air
 10958 | D:11     | Reached skill level 7 in Dodging
 11039 | D:11     | Found a staircase to the Lair.
 11073 | D:11     | Reached skill level 11 in Fighting
 11532 | D:11     | Received a gift from Trog
 11906 | D:11     | Found a staircase to the Orcish Mines.
 11996 | D:11     | Found a white marble altar of Elyvilon.
 11997 | D:11     | Noticed a two-headed ogre
 12002 | D:11     | Killed a two-headed ogre
 12275 | D:11     | Killed an unseen horror
 12275 | D:11     | Reached skill level 10 in Axes
 12275 | D:11     | Reached skill level 8 in Armour
 12424 | Lair:1   | Entered Level 1 of the Lair of Beasts
 12809 | Lair:1   | Noticed Fannar
 12814 | Lair:1   | Reached XP level 12. HP: 112/112 MP: 12/12
 12818 | Lair:1   | Killed Fannar
 12925 | Lair:1   | Received a gift from Trog
 12925 | Lair:1   | Reached skill level 12 in Fighting
 13009 | Lair:1   | Identified a potion of experience
 13010 | Lair:1   | Reached skill level 11 in Axes
 13010 | Lair:1   | Reached skill level 9 in Armour
 13010 | Lair:1   | Reached XP level 13. HP: 102/119 MP: 13/13
 13595 | Lair:2   | Found a labyrinth entrance.
 13620 | Lab      | Entered a labyrinth
 15308 | Lab      | Noticed a minotaur
 15314 | Lab      | Killed a minotaur
 15314 | Lab      | Reached skill level 13 in Fighting
 15315 | Lab      | Identified the Handbook of the Flying Voyage
 15317 | Lab      | Got a shimmering ring mail
 15348 | Lair:2   | Identified the +3 ring mail of Somewhere Else {MR+ Int+3 Dex-3} (You found it in a labyrinth)
 15397 | Lair:2   | Reached skill level 12 in Axes
 15398 | Lair:2   | Reached skill level 10 in Armour
 15848 | Lair:2   | Found a staircase to the Shoals.
 16238 | Lair:3   | Found a staircase to the Snake Pit.
 16293 | Lair:3   | Reached ****** piety under Trog
 16662 | Lair:3   | Received a gift from Trog
 17750 | Lair:4   | Reached skill level 8 in Dodging
 18348 | Lair:4   | Gained mutation: A demonic guardian rushes to your aid. [demonic ancestry]
 18348 | Lair:4   | Reached XP level 14. HP: 117/129 MP: 14/14
 18451 | Lair:4   | Found a radiant altar of Vehumet.
 19266 | Lair:5   | Found a staircase to the Slime Pits.
 19288 | Lair:5   | Reached skill level 11 in Armour
 19954 | Lair:6   | Entered Level 6 of the Lair of Beasts
 20090 | Lair:5   | Reached skill level 14 in Fighting
 20518 | Lair:6   | Received a gift from Trog
 20746 | Lair:6   | Reached skill level 13 in Axes
 20992 | Lair:6   | Reached skill level 9 in Dodging
 21580 | Lair:6   | Found a runed door.
 23090 | D:13     | Found a gate to the Vaults.
 23104 | D:13     | Reached XP level 15. HP: 100/139 MP: 15/15
 23200 | D:13     | Reached skill level 12 in Armour
 23401 | D:13     | Noticed Monsterracer's ghost (journeyman DrTm)
 23467 | D:13     | Killed Monsterracer's ghost
 23514 | D:13     | Got a pitted ring mail
 23517 | D:13     | Identified a scroll of acquirement
 23518 | D:13     | Identified the +1 ring mail of the Loofah {Int+4} (You found it on level 13 of the Dungeon)
 23525 | D:13     | Got a pair of twisted gloves
 23532 | D:13     | Identified the +0 pair of gloves of the Orcish Mines {Str+6} (You acquired it on level 13 of the Dungeon)
 23803 | D:12     | Reached skill level 10 in Dodging
 23872 | Orc:1    | Entered Level 1 of the Orcish Mines
 23895 | Orc:1    | Received a gift from Trog
 24108 | Orc:2    | Entered Level 2 of the Orcish Mines
 24178 | Orc:2    | Paralysed by an orc sorcerer for 6 turns
 24183 | Orc:2    | Noticed Donald
 24495 | Orc:2    | Killed Donald
 24558 | Orc:2    | Reached skill level 15 in Fighting
 24640 | Orc:2    | Found Aghosot's Distillery.
 24640 | Orc:2    | Found Putud's Gadget Shop.
 24737 | Orc:2    | Found a roughly hewn altar of Beogh.
 25197 | Orc:2    | Found Gadag's Jewellery Shop.
 25197 | Orc:2    | Found Iprustes's Distillery.
 25211 | Orc:2    | Bought a potion of heal wounds for 75 gold pieces
 25211 | Orc:2    | Bought a potion of haste for 150 gold pieces
 25211 | Orc:2    | Bought a potion of haste for 150 gold pieces
 25211 | Orc:2    | Bought 2 potions of heal wounds for 150 gold pieces
 25281 | Orc:2    | Found a roughly hewn altar of Beogh.
 25325 | Orc:2    | Found a staircase to the Elven Halls.
 25831 | D:14     | Noticed Kirke
 25849 | D:14     | Killed Kirke
 25952 | D:14     | Identified the Volume of Changing
 26047 | D:14     | Received a gift from Trog
 26228 | D:15     | Entered Level 15 of the Dungeon
 26626 | D:15     | Reached skill level 14 in Axes
 26635 | D:15     | Noticed Azrael
 26657 | D:15     | Killed Azrael
 27166 | D:15     | Reached skill level 11 in Dodging
 27536 | D:15     | Annihilated by an enormous slime creature

Vanquished Creatures
  Kirke (D:14)
  Donald (Orc:2)
  The ghost of Monsterracer the Brawler, a journeyman DrTm of Okawaru (D:13)
  Azrael (D:15)
  Snorg (D:10)
  A minotaur (Lab)
  A fire dragon (Lair:6)
  Erolcha (D:9)
  5 hydras
  Fannar (Lair:1)
  A centaur warrior (D:13)
  2 dancing weapons (D:13)
  2 tengu warriors
  3 two-headed ogres
  10 death yaks
  6 orc high priests (Orc:2)
  4 unseen horrors
  A deep elf archer (Orc:2)
  2 lindwurms (Lair:6)
  3 cyclopes
  A deep elf mage (D:13)
  4 centaur zombies
  An orc sorcerer (Orc:2)
  11 ugly things
  A merfolk siren (Lair:2)
  2 elephants (Lair:6)
  6 black mambas
  A gargoyle (D:14)
  A kobold demonologist (D:14)
  6 torpor snails
  3 rime drakes
  13 spiny frogs
  3 komodo dragons
  A queen bee (D:11)
  3 meliai (D:15)
  7 trolls
  5 hornets (Lair:6)
  A polar bear (Lair:4)
  2 tyrant leeches (Lair:6)
  6 slime creatures (D:14)
  13 blink frogs
  A minotaur skeleton (Lab)
  6 hippogriffs
  8 dream sheep
  2 redbacks (Lab)
  A wraith (D:15)
  A spriggan (D:9)
  A vampire (D:13)
  3 wyverns
  5 hogs (D:14)
  A fire elemental (D:15)
  5 hungry ghosts
  24 yaks
  8 basilisks
  2 steam dragons
  2 vampire mosquitoes (D:14)
  Edmund (D:4)
  4 wargs (Orc:2)
  4 hell hounds (D:15)
  An acid dragon (D:14)
  21 water moccasins
  15 porcupines
  3 ice beasts
  15 orc warriors
  4 sky beasts
  A slave (D:4)
  4 black bears
  A phantom (D:11)
  2 necrophages
  2 ogres
  2 eyes of draining
  15 centaurs
  14 wolves
  13 crocodiles
  3 big kobolds
  14 bullfrogs
  A wyvern zombie (D:7)
  A wyvern skeleton (D:14)
  5 scorpions
  30 killer bees
  A spriggan skeleton (Lab)
  11 wights
  A troll skeleton (Lab)
  2 howler monkeys (D:8)
  A vampire bat (D:9)
  6 crimson imps
  2 bullfrog zombies
  3 hounds
  19 orc wizards
  Ijyb (D:5)
  29 orc priests
  5 centaur skeletons
  2 jellies
  2 bullfrog skeletons
  An iguana (D:11)
  6 worker ants
  2 ogre skeletons (Lab)
  A hound zombie (D:8)
  20 adders
  10 gnolls
  4 river rats
  4 shadow imps
  2 adder skeletons
  7 worms
  4 dart slugs
  2 leopard geckos
  73 orcs
  18 bats
  4 giant cockroaches
  4 goblins
  9 hobgoblins
  13 jackals
  5 quokkas
  6 ball pythons
  9 frilled lizards
  31 kobolds
  31 rats
  18 fungi
  12 plants
766 creatures vanquished.

Vanquished Creatures (collateral kills)
  A hydra (Lair:6)
  A catoblepas (Lair:2)
  A centaur warrior (D:15)
  3 death yaks (Lair:6)
  A two-headed ogre (D:9)
  3 orc high priests (Orc:2)
  Pikel (D:4)
  A lindwurm (Lair:6)
  An orc sorcerer (Orc:2)
  2 deep elf magi
  A black mamba (Lair:4)
  4 ugly things
  A rime drake (Lair:6)
  A komodo dragon (Lair:4)
  A hornet (Lair:6)
  A hippogriff (Lair:2)
  3 dream sheep
  3 blink frogs
  8 yaks
  A water moccasin (Lair:4)
  A slave (D:4)
  A centaur (D:11)
  A crocodile (Lair:1)
  A killer bee (D:11)
  A howler monkey (D:5)
  A crimson imp (D:8)
  4 orc priests (Orc:2)
  A howler monkey skeleton (D:8)
  9 orcs (Orc:2)
  A plant (Lair:4)
60 creatures vanquished.

Vanquished Creatures (others)
  A two-headed ogre (D:11)
  4 orcs (D:4)
  A giant cockroach (D:4)
  21 fungi
  30 plants
57 creatures vanquished.

Grand Total: 883 creatures vanquished
